 Dungeon Sprint DCSS version 0.32-a0-485-g70f7560b1c (webtiles) character file.

Game seed: 12065339452617456386

56 rocky1 the Trooper (level 3, -1/42 HPs)
             Began as an Oni Gladiator on Feb 26, 2024.
             Was a Priest of Cheibriados.
             Slain by a warg (21 damage)
             ... in the Dungeon (Sprint VII: "The Pits").
             The game lasted 00:01:43 (552 turns).

rocky1 the Trooper (Oni Gladiator)                   Turns: 552, Time: 00:01:44

Health: -1/42      AC:  5    Str: 28    XL:     3   Next: 95%
Magic:  2/5        EV: 12    Int: 17    God:    Cheibriados [***...]
Gold:   0          SH:  0    Dex: 18    Spells: 2/2 levels left

rFire   . . .        q - +2 hand axe
rCold   . . .        (no shield)
rNeg    . . .        b - +0 robe
rPois   .            c - +0 hat
rElec   .            r - +1 cloak
rCorr   .            (gloves unavailable)
SInv    .            (boots unavailable)
Will    .....        (no amulet)
Stlth   ++           (no ring)
HPRegen 0.27/turn    (no ring)
MPRegen 0.09/turn

%: no teleportation
@: very slow
A: large, unfitting armour, horns 1, tough skin 1, double potion healing,
drunken brawling
a: Renounce Religion, Bend Time, Temporal Distortion


You were in the Dungeon.
You worshipped Cheibriados.
Cheibriados was most pleased with you.
You visited 1 branch

Inventory:

Hand Weapons
 a - a +0 war axe
 p - a +2 quarterstaff
 q - a +2 hand axe (weapon)
 s - a +2 heavy hand axe
Missiles
 d - 3 throwing nets (quivered)
 e - a large rock
Armour
 b - a +0 robe (worn)
 c - a +0 hat (worn)
 r - a +1 cloak (worn)
Scrolls
 k - a scroll of blinking
 m - 2 scrolls of vulnerability
 n - 5 scrolls of amnesia
 o - a scroll of butterflies
Potions
 f - 6 potions of curing
 g - 5 potions of heal wounds
 h - a potion of haste
 i - 4 potions of magic
 j - 2 potions of berserk rage
 l - 2 potions of invisibility


   Skills:
 + Level 5.3 Fighting
 + Level 4.7 Axes
 - Level 2.1 Throwing
 + Level 4.3 Dodging
 + Level 3.8 Invocations


You had 2 spell levels left.
You didn't know any spells.
Your spell library was empty.

Dungeon Overview and Level Annotations

Branches:
Dungeon (1/1)

Altars:
Ashenzari
Cheibriados
Dithmenos
Elyvilon
Fedhas
Gozag
Hepliaklqana
Kikubaaqudgha
Makhleb
Nemelex Xobeh
Okawaru
Qazlal
Ru
Sif Muna
Trog
Uskayaw
Vehumet
Wu Jian
Xom
Yredelemnul
Zin
The Shining One
Beogh
Jiyva
Lugonu


Innate Abilities, Weirdness & Mutations

You are too large for most types of armour.
You have a pair of small horns on your head.
You have tough skin. (AC +1)
You gain doubled healing and magic from potions.
Whenever you drink a healing potion, you attack all around you.


Message History

The warg seems to slow down.
Cheibriados rebukes the gnoll.
The gnoll seems to slow down.
The gnoll hits you with a +0 whip. The warg closely misses you.
Unknown command.
You closely miss the warg.
You headbutt the warg, but do no damage.
The warg is lightly wounded.
You hit the gnoll. The warg barely misses you.
The gnoll hits you with a +0 whip.
You hit the warg but do no damage.
The warg is lightly wounded.
You hit the gnoll. The warg bites you!
* * * LOW HITPOINT WARNING * * *
An ogre comes into view. It is wielding a +0 giant spiked club.
You are too injured to fight recklessly!
Unknown command.
You take a swig of the potion and twirl your +2 hand axe.
The ogre shouts!
You hit the gnoll but do no damage. You headbutt the gnoll.
The gnoll is heavily wounded.
You hit the warg but do no damage.
The warg is lightly wounded.
You savour every drop.
You feel much better. The warg bites you!!
Ouch! That really hurt!
The gnoll hits you with a +0 whip.
Unknown command.
Unknown command.
You hit the warg but do no damage.
The warg is lightly wounded.
You hit the gnoll. The warg closely misses you.
The gnoll hits you but does no damage.
You barely miss the warg.
The warg is lightly wounded.
You barely miss the gnoll.
Your attacks no longer feel as feeble.
The warg bites you!!
Ouch! That really hurt!
You die...
Cheibriados appreciates the motionlessness of death.

#.#..#...#.#####'#
#.#..#####.##.....
#.#..'รท..#.##.....
#.#..')..).##.....
#.#..########...<.
#.#..'[.)).##.....
#.#..#[))).##.....
#)###########.....
#@g5gg..# ######
#h###...# #S# .#
#O# #.. #.. #..
####


You could see a warg (slow), an ogre, a gnoll bouda, 2 gnolls, an adder and an
ufetubus.

Vanquished Creatures
  Crazy Yiuf (D)
  A gnoll (D)
  An adder (D)
  A bat zombie (D)
  2 endoplasms (D)
  A giant cockroach (D)
  A goblin (D)
  A kobold (D)
  A rat (D)
10 creatures vanquished.

Notes
Turn   | Place    | Note
-------+----------+-------------------------------------------
     0 | D        | rocky1 the Oni Gladiator began the quest for the Orb.
     0 | D        | Reached XP level 1. HP: 22/22 MP: 1/1
    27 | D        | Found a bloodstained altar of Trog.
    27 | D        | Found a shimmering blue altar of Sif Muna.
    27 | D        | Found a viscous altar of Jiyva.
    27 | D        | Found a hazy altar of Hepliaklqana.
    27 | D        | Found an opulent altar of Gozag.
    28 | D        | Found a glowing golden altar of the Shining One.
    28 | D        | Found a glowing silver altar of Zin.
    28 | D        | Found a basalt altar of Yredelemnul.
    28 | D        | Found a shimmering altar of Xom.
    28 | D        | Found an ornate altar of the Wu Jian Council.
    28 | D        | Found a sacrificial altar of Ru.
    28 | D        | Found a stormy altar of Qazlal.
    28 | D        | Found an iron altar of Okawaru.
    28 | D        | Found a sparkling altar of Nemelex Xobeh.
    28 | D        | Found a burning altar of Makhleb.
    28 | D        | Found a blossoming altar of Fedhas.
    28 | D        | Found a white marble altar of Elyvilon.
    28 | D        | Found a shadowy altar of Dithmenos.
    28 | D        | Found a snail-covered altar of Cheibriados.
    31 | D        | Found a corrupted altar of Lugonu.
    31 | D        | Found a radiant altar of Vehumet.
    31 | D        | Found a roughly hewn altar of Beogh.
    32 | D        | Found an ancient bone altar of Kikubaaqudgha.
    32 | D        | Found a hide-covered altar of Uskayaw.
    32 | D        | Found a broken altar of Ashenzari.
    39 | D        | Became a worshipper of Cheibriados the Contemplative
    87 | D        | Reached skill level 3 in Fighting
    90 | D        | Reached * piety under Cheibriados
    91 | D        | Reached skill level 1 in Invocations
   103 | D        | Reached XP level 2. HP: 21/31 MP: 1/3
   244 | D        | Noticed Crazy Yiuf
   248 | D        | Reached ** piety under Cheibriados
   249 | D        | Reached skill level 4 in Fighting
   249 | D        | Reached *** piety under Cheibriados
   256 | D        | Killed Crazy Yiuf
   257 | D        | Reached skill level 5 in Fighting
   257 | D        | Reached XP level 3. HP: 8/42 MP: 0/5
   542 | D        | Noticed a warg
   549 | D        | Noticed an ogre
   552 | D        | Slain by a warg

Illustrated notes

Levels and vault maps discovered:
D:        pitsprint [storerooms_1, entrance_room_1, metal_vault_1, armoury_1,
          mini_pit_1, grid_room_1, main_hall_1, silver_pit, the_coven_1,
          the_vestibule_1, steel_vault_5, golden_pit, hallway_of_sentries,
          crystal_vault_2, iron_vault_2, final_vault]

Skill      XL: |  1  2 |
---------------+-------+-----
Dodging        | 3 4 |  4.3
Fighting       | 3 5 |  5.3
Invocations    | 1 3 |  3.8
Axes           | 4 |  4.7
Throwing       | |  2.1

Action                     || total
---------------------------++-------
  Melee: Hand axe          ||    21
         War axe           ||     4
         Headbutt          ||     5
 Invoke: Bend Time         ||     1
    Use: Potion            ||     2
   Stab: Sleeping          ||     1
 Armour: Robe              ||    24
  Dodge: Dodged            ||    18

Table legend: (Time is in decaauts)
 A = Elapsed time spent in this place.
 B = Non-inter-level travel time spent in this place.
 C = Inter-level travel time spent in this place.
 D = Time resting spent in this place.
 E = Time spent auto-exploring this place.
 F = Levels seen in this place.
 G = Mean time per level.
                   A        B        C        D        E       F      G
               +--------+--------+--------+--------+--------+-----+--------+
         Total |    616 |    585 |     31 |    371 |      0 |   1 |  616.0 |
       Dungeon |    616 |    585 |     31 |    371 |      0 |   1 |  616.0 |
               +--------+--------+--------+--------+--------+-----+--------+

Top non-repeatable levels by time:
       D: 616 daAuts
